 Dungeon Crawl Stone Soup version 0.21.1-1-g345015f (webtiles) character file.

30 Lokkij the Digger (level 3, -3/19 HPs)
             Began as a Deep Elf Earth Elementalist on June 21, 2018.
             Slain by a gnoll
             ... wielding a +1 spear of piercing
              (6 damage)
             ... on level 2 of the Dungeon.
             The game lasted 00:03:08 (709 turns).

Lokkij the Digger (Deep Elf Earth Elementalist)      Turns: 709, Time: 00:03:09

Health: -3/19      AC:  3    Str:  5    XL:     3   Next: 5%
Magic:  10/10      EV: 13    Int: 20    God:
Gold:   17         SH:  0    Dex: 15    Spells: 8/9 levels left

rFire    . . .     SeeInvis .   g - +0 long sword
rCold    . . .     Gourm    .   (no shield)
rNeg     . . .     Faith    .   c - +1 robe
rPois    .         Spirit   .   (no helmet)
rElec    .         Reflect  .   (no cloak)
rCorr    .         Harm     .   (no gloves)
MR       .....                  (no boots)
Stlth    ++........             (no amulet)
HPRegen  0.06/turn              (no ring)
MPRegen  0.12/turn              (no ring)

@: no status effects
A: no striking features
a: no special abilities


You were on level 2 of the Dungeon.
You were not hungry.

You visited 1 branch of the dungeon, and saw 2 of its levels.

You collected 17 gold pieces.

Inventory:

Hand Weapons
 g - a +0 long sword (weapon)
Armour
 c - a +1 robe (worn)
Scrolls
 a - a scroll of remove curse {unknown}
 f - a scroll of immolation {unknown}
 h - a scroll of amnesia {unknown}
 k - 4 scrolls of enchant armour
 l - a scroll of fear {unknown}
 m - a scroll of random uselessness {unknown}
Potions
 j - a potion of curing {unknown}
 n - a potion of mutation {unknown}
Books
 e - a book of Geomancy

   Spells                             Type                      Level
   a - Sandblast                      Earth                        1
   b - Passwall                       Transmutation/Earth          2
   c - Stone Arrow                    Conjuration/Earth            3
   d - Petrify                        Transmutation/Earth          4
   e - Lee's Rapid Deconstruction     Earth                        5
Comestibles
 d - 2 rations


   Skills:
 - Level 2.4 Dodging
 - Level 2.4 Stealth
 + Level 3.6 Spellcasting
   Level 1.1 Transmutations
 * Level 4.3 Earth Magic


You had 8 spell levels left.
You knew the following spells:

 Your Spells              Type           Power        Failure   Level  Hunger
a - Sandblast             Erth           ###...       2%          1    None


Dungeon Overview and Level Annotations

Branches:
Dungeon (2/15)

Altars:
Okawaru


Message History

Press: ? - help, Shift-Dir - straight line, f/p - gnoll
Aim: a gnoll, wielding a spear of piercing You don't have any stones to cast with.
The gnoll closely misses you. The gnoll barely misses you.
You barely miss the gnoll. The gnoll barely misses you.
You hit the gnoll.
The gnoll is moderately wounded.
The gnoll closely misses you.
The gnoll hits you with a spear of piercing.
You barely miss the gnoll.
The gnoll is moderately wounded.
The gnoll barely misses you.
You hit the gnoll but do no damage.
The gnoll is moderately wounded.
The gnoll hits you with a spear of piercing!
* * * LOW HITPOINT WARNING * * *
x2 The gnoll hits you but does no damage.
The gnoll hits you from afar with a spear of piercing.
You die...

###.# ##...##########
.#..%.......)..######
....................#
.........#######.####.#
.##.##.!.# #.# #.# ..
#...# #g# #.# [. )....#
#.# #.# _....# #@# #.#
.....g #.# #.# ...#..
#.# #.# #.# #.# #.# #.#
..# #.# ### #.# #.# #.#


You could see a gnoll.

Vanquished Creatures
  2 oozes
  A dart slug (D:1)
  A leopard gecko (D:1)
  3 ball pythons (D:1)
  A giant cockroach (D:1)
  2 goblins (D:1)
  3 hobgoblins (D:1)
  2 kobolds (D:1)
  2 frilled lizards (D:1)
  2 rats (D:1)
19 creatures vanquished.

Notes
Turn   | Place    | Note
-------+----------+-------------------------------------------
     0 | D:1      | Lokkij the Deep Elf Earth Elementalist began the quest for the Orb.
     0 | D:1      | Reached XP level 1. HP: 10/10 MP: 6/6
   166 | D:1      | Reached XP level 2. HP: 15/15 MP: 6/8
   255 | D:1      | Reached skill level 4 in Earth Magic
   608 | D:2      | Reached XP level 3. HP: 19/19 MP: 7/10
   650 | D:2      | Noticed a sky beast
   674 | D:2      | Found an iron altar of Okawaru.
   709 | D:2      | Slain by a gnoll

Skill      XL: |  1  2 |
---------------+-------+-----
Earth Magic    | 4 |  4.3
Dodging        | |  2.4
Stealth        | |  2.4
Spellcasting   | |  3.6
Transmutations | |  1.1

Action                   || total
-------------------------++-------
Melee: Short sword       ||     1
       Long sword        ||     4
 Cast: Sandblast         ||    23
  Use: Scroll            ||     2
 Stab: Sleeping          ||     1
Armor: Robe              ||     1
Dodge: Dodged            ||     8
